 Dungeon Crawl Stone Soup version 0.30-b1-2-g02819fbbbe (webtiles) character file.

Game seed: 805494091235139914

13257 Ntrails the Martial Artist (level 12, -11/100 HPs)
             Began as an Octopode Transmuter on July 9, 2023.
             Was an Initiate of Gozag.
             Engulfed by a cloud of flame (12 damage)
             ... in an ice cave.
             The game lasted 00:49:50 (13752 turns).

Ntrails the Martial Artist (Octopode Transmuter)   Turns: 13752, Time: 00:49:51

Health: -11/100    AC:  9    Str: 11    XL:     12   Next: 4%
Magic:  18/18      EV: 16    Int: 23    God:    Gozag
Gold:   230        SH:  5    Dex: 26    Spells: 9/19 levels left

rFire   + . .        n - melded +6 short sword of the Loving Wolf {flame, Dex+2}
rCold   + + +        (shield currently unavailable)
rNeg    . . .        (helmet currently unavailable)
rPois   +            o - amulet of reflection
rElec   .            Z - ring of wizardry
rCorr   .            D - +6 ring of dexterity
SInv    .            f - ring of protection from fire
Will    .....        F - ring of protection from fire
Stlth   ++++         I - +6 ring of intelligence
HPRegen 0.36/turn    d - +6 ring of dexterity
MPRegen 0.16/turn    (no ring)
                     (no ring)

%: reflection, wizardry (x1)
@: brilliant, ice-form, wereblooded, gold aura, slowed, very slow
A: freezing attack, boosted hp, almost no armour, amphibious, 8 rings, large,
(camouflage 1), (gelatinous body 1), (nimble swimmer 1), (tentacles)
a: End Transformation, Renounce Religion, Potion Petition, Call Merchant, Bribe
Branch


You were in an ice cave.
You worshipped Gozag.
Gozag was aware of your devotion.
You were a creature of crystalline ice.
You visited 2 branches of the dungeon, and saw 12 of its levels.
You also visited: Sewer and Ice Cave.

You collected 1814 gold pieces.
You spent 180 gold pieces at shops.
You paid 1404 gold pieces to Gozag.


Innate Abilities, Weirdness & Mutations

You are a creature of crystalline ice.
You have a powerful freezing melee attack.
Your maximum health is increased.
Your armour is entirely melded.
You are incapable of wielding weapons or throwing items.
You cannot wear most types of armour.
You are amphibious.
You can wear up to eight rings at the same time.
((Your skin changes colour to match your surroundings (Stealth+).))
((Your rubbery body absorbs attacks. (AC +1, EV +1)))
((You are camouflaged when in or above water. (Stealth+)))
((You have tentacles for arms and can constrict up to eight enemies at once.))


   Skills:
 + Level 8.3 Fighting
 - Level 3.0 Short Blades
 + Level 7.3 Dodging
 - Level 8.0 Stealth
 + Level 9.9 Unarmed Combat
 + Level 4.4 Spellcasting
 + Level 8.2 Transmutations
 - Level 5.0 Ice Magic
 - Level 3.0 Poison Magic


You had 9 spell levels left.
You knew the following spells:

 Your Spells              Type           Power      Damage    Failure   Level
b - Beastly Appendage     Tmut           100%       N/A       1%          1
i - Ice Form              Ice/Tmut       52%        N/A       2%          4
s - Spider Form           Tmut/Pois      46%        N/A       1%          3
w - Wereblood             Tmut           60%        N/A       1%          2

Your spell library contained the following spells:

 Spells                   Type           Power      Damage    Failure   Level
 Apportation              Tloc           14%        N/A       4%          1
 Alistair's Intoxication  Tmut/Pois      30%        N/A       11%         5

Inventory:

Hand Weapons
 n - the +6 short sword of the Loving Wolf (melded) {flame, Dex+2}
   (You found it on level 3 of the Dungeon)

   Dex:       It affects your dexterity (+2).
 x - the +2 dagger of Fimbulwinter {pain, Str+4}
   (You found it on level 4 of the Dungeon)

   Str:       It affects your strength (+4).
 K - the +6 spear of Desertification {protect, Str+3 Dex+3}
   (You found it on level 7 of the Dungeon)

   Str:       It affects your strength (+3).
   Dex:       It affects your dexterity (+3).
 P - a +2 dagger of freezing
   (You took it off a wight on level 7 of the Dungeon)
Missiles
 g - 70 stones
 p - 27 poisoned darts
 w - a curare-tipped dart {=f}
 J - a throwing net {=f!f}
Jewellery
 d - a +6 ring of dexterity (on tentacle)
   (You found it on level 9 of the Dungeon)
 f - a ring of protection from fire (on tentacle)
   (You found it on level 6 of the Dungeon)
 o - an amulet of reflection (around neck)
   (You found it on level 7 of the Dungeon)
 D - a +6 ring of dexterity (right front paw)
   (You found it on level 3 of the Dungeon)
 F - a ring of protection from fire (on tentacle)
   (You found it on level 7 of the Dungeon)
 I - a +6 ring of intelligence (on tentacle)
   (You found it on level 9 of the Dungeon)
 Z - a ring of wizardry (left front paw)
   (You found it on level 2 of the Dungeon)
Wands
 r - a wand of acid (26)
   (You found it on level 3 of the Dungeon)
 y - a wand of flame (20) (quivered)
   (You found it on level 10 of the Dungeon)
 C - a wand of digging (5)
   (You found it on level 5 of the Dungeon)
 M - a wand of roots (4)
   (You found it on level 11 of the Dungeon)
Scrolls
 b - 3 scrolls of noise {!r}
 e - 4 scrolls of vulnerability {!r!r}
 h - a scroll of immolation {!r!r}
 i - 3 scrolls of magic mapping {!r}
 k - 4 scrolls of teleportation {unknown}
 m - 3 scrolls of fog {unknown}
 u - a scroll of enchant weapon
 B - a scroll of brand weapon
 E - 2 scrolls of poison {!r}
 G - 2 scrolls of enchant armour {unknown}
 H - 2 scrolls of silence {unknown}
 L - a scroll of amnesia {unknown}
 S - a scroll of blinking {unknown}
Potions
 a - a potion of flight {unknown}
 c - 3 potions of attraction {!q}
 j - 4 potions of brilliance {unknown}
 l - 5 potions of curing {@q1}
 q - 2 potions of resistance {unknown}
 s - 2 potions of mutation {unknown}
 t - 2 potions of magic {unknown}
 v - a potion of might
 z - 3 potions of berserk rage {unknown}
 A - a potion of ambrosia {unknown}
 O - a potion of invisibility {unknown}
 Q - a potion of lignification {!q}
 R - 5 potions of degeneration {unknown}

Dungeon Overview and Level Annotations

Branches:
Dungeon (11/15) Zot: 26667  Temple (1/1) D:6 Zot: 5722    Lair (0/5) D:10
  Sewer (visited)           IceCv (1/1) Zot: 4436
    Orc: D:9-12

Altars:
Ashenzari
Cheibriados
Dithmenos
Elyvilon
Fedhas
Gozag
Hepliaklqana
Kikubaaqudgha
Makhleb
Nemelex Xobeh
Okawaru
Qazlal
Ru
Sif Muna
Trog
Uskayaw
Vehumet
Wu Jian
Xom
Yredelemnul
Zin
The Shining One

Shops:
D:7 [   D:9 !

Annotations:
IceCv exclusion: ice statue

#..... ###...###
....### ####.......##
..Z# #)..........# $$
$ #[..........#
########8........#
##..4## ##........##
##...44###.....###..##
#..###°4#..########..#
#..$.##Y4.## ###...##
###4Z.##.## ###....##
# 4.##### ##....### ##
Z## ###...### ##. ##
###...### ##..
##...### ####...
#...## ##...... #..###
##....### #....##
#...### #


You could see 5 ice devils.


Message History

You howl as the wereblood boils in your veins!
The freezing wraith hits you but does no damage.
You block the freezing wraith's attack. The freezing wraith hits you!
The freezing wraith freezes you. You resist.
The freezing wraith closely misses you. The ice devil hits you!
* * * LOW HITPOINT WARNING * * *
The ice devil freezes you. You resist.
* * * LOW HITPOINT WARNING * * *
😨 HP[+4]
You regained 4 hp, and now have 46/100 hp.
Really read
h - 2 scrolls of immolation {!r!r}?
Really read the scroll of immolation?
As you read the scroll of immolation {!r!r}, it crumbles to dust.
The creatures around you are filled with an inner flame!
The ice devil hits you but does no damage.
The freezing wraith hits you!
* * * LOW HITPOINT WARNING * * *
The freezing wraith freezes you. You resist.
* * * LOW HITPOINT WARNING * * *
The freezing wraith hits you.
* * * LOW HITPOINT WARNING * * *
The freezing wraith drains your vigour!
You feel as though you will be slow longer. 😨 HP[-15]
You take 15 damage, and now have 31/100 hp.
Unknown command.
The freezing wraith attacks as you move away!
The freezing wraith hits you but does no damage.
You block the freezing wraith's attack.
You howl as the wereblood boils in your veins!
The freezing wraith hits you!
* * * LOW HITPOINT WARNING * * *
The freezing wraith freezes you. You resist.
* * * LOW HITPOINT WARNING * * *
The freezing wraith hits you!
* * * LOW HITPOINT WARNING * * *
😱 HP[-18]
You take 18 damage, and now have 13/100 hp. [a] - 252 gold - brilliance and magic [b] - 525 gold - curing, magic and haste [c] - 522 gold - heal wounds, curing and resistance Purchase which effect?
You don't have enough gold for that! [a] - 252 gold - brilliance and magic [b] - 525 gold - curing, magic and haste [c] - 522 gold - heal wounds, curing and resistance Purchase which effect?
You no longer have enough gold to petition Gozag for potion effects.
You feel clever all of a sudden. Magic courses through your body.
You howl as the wereblood boils in your veins!
The freezing wraith hits you.
* * * LOW HITPOINT WARNING * * *
The freezing wraith freezes you. You resist.
* * * LOW HITPOINT WARNING * * *
The freezing wraith barely misses you.
An ice devil comes into view.
The ice devil barely misses you. x2 😱 HP[-6] MP[+3]
You take 6 damage, and now have 7/100 hp.
Your mp is fully restored (18).
Unknown command.
Okay, then.
You feel much better.
You howl as the wereblood boils in your veins!
The freezing wraith closely misses you. The freezing wraith hits you.
* * * LOW HITPOINT WARNING * * *
The ice devil hits you but does no damage.
The ice devil completely misses you. The ice devil hits you.
* * * LOW HITPOINT WARNING * * *
The ice devil freezes you. You resist.
* * * LOW HITPOINT WARNING * * *
An ice devil comes into view.
You block the ice devil's attack.
The freezing wraith hits you but does no damage.
The freezing wraith misses you. 😱 HP[+2]
You regained 2 hp, and now have 9/100 hp.
The ice devil attacks as you move away!
You block the ice devil's attack. 😱 HP[+1]
The freezing wraith hits you but does no damage.
The freezing wraith closely misses you.
You pummel the freezing wraith!!
Flame seeps out of the freezing wraith.
The freezing wraith is engulfed in blazing flames.
Flame seeps out of the freezing wraith.
The freezing wraith misses you. x2
The ice devil closely misses you. 😱 HP[+1] Unknown command.
You hit the freezing wraith.
You feel a bit better.
The freezing wraith explodes!
The fiery explosion engulfs the ice devil.
Flame seeps out of the ice devil.
The fiery explosion engulfs the ice devil!
The ice devil is burned terribly!
The fiery explosion engulfs the ice devil!!
The ice devil is burned terribly!
The fiery explosion engulfs you! You resist.
* * * LOW HITPOINT WARNING * * *
You are engulfed in blazing flames.
You resist.
You die...
Your body crumbles into a pile of gold.

Skill      XL: |  1  2  3  4  5  6  7  8  9 10 11 |
---------------+----------------------------------+-----
Stealth        | 1 2 3 5 6 7 8 |  8.0
Fighting       | 2 3 4 5 8 |  8.3
Unarmed Combat | 4 5 7 8 9 |  9.9
Short Blades   | 1 2 3 |  3.0
Transmutations | 3 4 6 7 8 |  8.2
Dodging        | 3 5 6 7 |  7.3
Spellcasting   | 3 4 |  4.4
Ice Magic      | 3 5 |  5.0
Poison Magic   | 3 |  3.0

Action                     |  1- 3 |  4- 6 |  7- 9 | 10-12 || total
---------------------------+-------+-------+-------+-------++-------
  Melee: Unarmed           |    78 |    61 |       |   244 ||   383
         Constrict         |    23 |    22 |    33 |     6 ||    84
         Kick              |    10 |     7 |     5 |     1 ||    23
         Tentacles         |    11 |    20 |    45 |    18 ||    94
         Punch             |     1 |     1 |     6 |     3 ||    11
         Short sword       |       |    44 |   183 |    73 ||   300
  Throw: Dart              |       |       |     3 |     2 ||     5
   Cast: Beastly Appendage |     6 |     4 |     4 |     1 ||    15
         Wereblood         |       |       |     1 |    16 ||    17
         Spider Form       |       |       |       |     6 ||     6
         Ice Form          |       |       |       |    28 ||    28
 Invoke: Potion Petition   |       |       |     1 |     3 ||     4
Ability: End Transformatio |       |       |       |     2 ||     2
  Evoke: Wand              |       |       |       |     7 ||     7
    Use: Scroll            |       |     5 |     6 |     2 ||    13
         Potion            |       |     1 |     1 |     3 ||     5
   Stab: Sleeping          |     3 |    15 |    29 |    11 ||    58
         Distracted        |       |       |       |     3 ||     3
         Invisible         |       |       |       |     1 ||     1
 Armour: Skin              |    10 |    44 |     8 |    36 ||    98
  Dodge: Dodged            |    44 |    40 |    74 |   189 ||   347
  Block: Other             |       |       |     6 |    71 ||    77
         Reflection        |       |       |       |     1 ||     1

Levels and vault maps discovered:
D:1:      doesnt_arrival_eight_statues, layout_basic, palyth_stone_intersect,
          minmay_hexomino_p4
D:2:      layout_basic
D:3:      layout_basic
D:4:      layout_basic, portal_sewer_entry_b, uniq_sigmund, uniq_eustachio
D:5:      layout_basic
D:6:      layout_cave_pools, mainiacjoe_overflow_two_lobes,
          minmay_temple_entry_fiery, uniq_prince_ribbit1
D:7:      layout_basic, serial_shops, shop
D:8:      layout_rooms, nicolae_overflow_hallway_of_the_gods,
          grunt_decor_resistance, minmay_misc_feat_four_crosses,
          wad_floor_pattern_2, nicolae_water_bricks
D:9:      layout_stronghold, serial_shops, nicolae_lakefront_shop,
          roderic_lattice_a
D:10:     layout_basic, general_overflow_altar, erik_lair_island
D:11:     minmay_the_grid_3x2 [minmay_the_grid_paths, minmay_the_grid_rooms,
          minmay_the_grid_minigrid_small_alt, minmay_the_grid_tri_star,
          minmay_the_grid_x, minmay_the_grid_prize_shrinking_boxes],
          layout_gridville, portal_ice_cave_demonic_guard,
          yredelemnul_altar_generic, uniq_urug
Temple:   nicolae_temple_figure_eight
IceCv:    ice_cave_small_necro

Notes
Turn   | Place    | Note
-------+----------+-------------------------------------------
     0 | D:1      | Ntrails the Octopode Transmuter began the quest for the
                  | Orb.
     0 | D:1      | Reached XP level 1. HP: 13/13 MP: 3/3
     0 | D:1      | magus.rc [v1.11.6]
   296 | D:1      | Reached skill level 1 in Stealth
   298 | D:1      | Reached XP level 2. HP: 13/18 MP: 3/5
   549 | D:1      | Reached skill level 2 in Stealth
   578 | D:1      | Reached XP level 3. HP: 22/24 MP: 6/6
   646 | D:1      | Reached skill level 2 in Fighting
  1116 | D:2      | Reached XP level 4. HP: 26/29 MP: 7/7
  1383 | D:2      | Reached skill level 3 in Stealth
  2014 | D:2      | Reached skill level 4 in Unarmed Combat
  2208 | D:3      | Reached XP level 5. HP: 33/35 MP: 6/8
  2265 | D:3      | Identified the +6 short sword of the Loving Wolf {flame,
                  | Dex+2}
  2529 | D:3      | You add the spells Apportation and Alistair's Intoxication
                  | to your library.
  2935 | D:4      | Noticed Eustachio
  2999 | D:4      | Killed Eustachio
  3000 | D:4      | Reached skill level 3 in Fighting
  3000 | D:4      | Reached skill level 5 in Stealth
  3000 | D:4      | Reached XP level 6. HP: 34/43 MP: 9/9
  3055 | D:4      | Found a glowing drain.
  3083 | Sewer    | Entered a sewer
  3178 | Sewer    | Noticed Pargi
  3194 | Sewer    | Killed Pargi
  3195 | Sewer    | Reached skill level 4 in Fighting
  3195 | Sewer    | Reached skill level 1 in Short Blades
  3239 | Sewer    | magus.rc [v1.11.6]
  3284 | D:4      | Reached XP level 7. HP: 29/48 MP: 10/10
  3833 | D:4      | Noticed Sigmund
  3841 | D:4      | Killed Sigmund
  3842 | D:4      | Reached skill level 2 in Short Blades
  3842 | D:4      | Reached skill level 6 in Stealth
  3842 | D:4      | Reached skill level 3 in Transmutations
  3846 | D:4      | Learned a level 2 spell: Wereblood
  3851 | D:4      | Learned a level 4 spell: Ice Form
  3914 | D:4      | Identified the +2 dagger of Fimbulwinter {pain, Str+4}
  4422 | D:5      | Entered Level 5 of the Dungeon
  4585 | D:5      | Reached XP level 8. HP: 54/54 MP: 11/11
  5386 | D:6      | Reached skill level 5 in Fighting
  5440 | D:6      | Reached skill level 4 in Transmutations
  5537 | D:6      | Reached skill level 3 in Short Blades
  5608 | D:6      | Reached skill level 3 in Dodging
  5632 | D:6      | Reached skill level 5 in Unarmed Combat
  5632 | D:6      | Reached skill level 3 in Spellcasting
  5636 | D:6      | Noticed Prince Ribbit
  5643 | D:6      | Killed Prince Ribbit
  5644 | D:6      | Reached skill level 7 in Stealth
  5691 | D:6      | Found a shimmering blue altar of Sif Muna.
  5715 | D:6      | Found a basalt altar of Yredelemnul.
  6025 | D:6      | Found a staircase to the Ecumenical Temple.
  6041 | Temple   | Entered the Ecumenical Temple
  6282 | Temple   | Became a worshipper of Gozag Ym Sagoz the Greedy
  6469 | D:6      | magus.rc [v1.11.6]
  6616 | D:7      | Reached XP level 9. HP: 61/61 MP: 13/13
  6854 | D:7      | Reached skill level 1 in Ice Magic
  6878 | D:7      | Found Digosoma's Antique Armour Shop.
  6909 | D:7      | HP: 10/61 [orc priest/divine providence (12)]
  7286 | D:7      | Reached skill level 6 in Unarmed Combat
  7286 | D:7      | Reached skill level 5 in Transmutations
  7356 | D:7      | Reached skill level 4 in Dodging
  7384 | D:7      | Reached skill level 8 in Stealth
  7500 | D:7      | Reached skill level 2 in Ice Magic
  7835 | D:7      | Identified the +6 spear of Desertification {protect, Str+3
                  | Dex+3}
  8150 | D:8      | Reached skill level 3 in Ice Magic
  8197 | D:7      | Reached skill level 5 in Dodging
  8269 | D:7      | Reached skill level 6 in Transmutations
  8272 | D:7      | Reached skill level 7 in Unarmed Combat
  8272 | D:7      | Reached XP level 10. HP: 30/66 MP: 12/14
  8278 | D:8      | HP: 11/66 [yak (16)]
  8282 | D:8      | Reached skill level 4 in Ice Magic
  8486 | D:8      | Noticed a two-headed ogre
  8498 | D:8      | Learned a level 3 spell: Spider Form
  8824 | D:8      | Reached skill level 1 in Poison Magic
  9029 | D:8      | Found a broken altar of Ashenzari.
  9029 | D:8      | Found a white marble altar of Elyvilon.
  9043 | D:8      | Killed a two-headed ogre
  9044 | D:8      | Reached skill level 2 in Poison Magic
  9117 | D:8      | Found a snail-covered altar of Cheibriados.
  9122 | D:8      | Found a burning altar of Makhleb.
  9128 | D:8      | Found a glowing silver altar of Zin.
  9130 | D:8      | Found an ancient bone altar of Kikubaaqudgha.
  9314 | D:9      | Reached skill level 6 in Dodging
  9469 | D:8      | HP: 7/66 [yak (13)]
  9474 | D:8      | HP: 7/66 [yak (12)]
  9984 | D:9      | Reached skill level 3 in Poison Magic
  9989 | D:9      | Reached skill level 7 in Transmutations
  9995 | D:9      | Reached skill level 5 in Ice Magic
 10088 | D:9      | Reached skill level 8 in Unarmed Combat
 10088 | D:9      | Reached skill level 4 in Spellcasting
 10277 | D:9      | Found Zouvat's Distillery.
 10287 | D:9      | Bought a potion of might for 60 gold pieces
 10287 | D:9      | Bought a potion of heal wounds for 75 gold pieces
 10287 | D:9      | Bought a potion of lignification for 45 gold pieces
 10659 | D:9      | Reached XP level 11. HP: 72/72 MP: 17/17
 10839 | D:10     | Entered Level 10 of the Dungeon
 10842 | D:10     | Reached skill level 6 in Fighting
 10941 | D:10     | Noticed a two-headed ogre
 10949 | D:10     | Killed a two-headed ogre
 11175 | D:10     | Found a staircase to the Lair.
 11236 | D:10     | Reached skill level 8 in Transmutations
 11437 | D:10     | Reached skill level 7 in Fighting
 11437 | D:10     | Reached skill level 9 in Unarmed Combat
 11619 | D:10     | Found a sacrificial altar of Ru.
 11718 | D:10     | Noticed a two-headed ogre
 11744 | D:10     | Killed a two-headed ogre
 11926 | D:11     | Noticed an orc sorcerer
 11931 | D:11     | Killed an orc sorcerer
 11932 | D:11     | Noticed an orc sorcerer
 12060 | D:11     | Found a frozen archway.
 12177 | IceCv    | Entered an ice cave
 12854 | IceCv    | Reached skill level 8 in Fighting
 12854 | IceCv    | Reached skill level 7 in Dodging
 13337 | IceCv    | Noticed a white ugly thing
 13640 | IceCv    | Killed a white ugly thing
 13641 | IceCv    | Reached XP level 12. HP: 72/83 MP: 14/18
 13746 | IceCv    | HP: 24/100 [freezing wraith (8)]
 13747 | IceCv    | HP: 11/100 [freezing wraith (2)]
 13752 | IceCv    | HP: 1/100 [spore (13)]
 13752 | IceCv    | Engulfed by a cloud of flame

Vanquished Creatures
  3 two-headed ogres
  An ugly thing (IceCv)
  An orc sorcerer (D:11)
  A freezing wraith (IceCv)
  2 kobold demonologists (D:11)
  An anaconda simulacrum (IceCv)
  6 ice devils
  2 trolls
  A hornet (D:10)
  Prince Ribbit (D:6)
  Sigmund (D:4)
  A dire elephant simulacrum (IceCv)
  17 yaks
  Eustachio (D:4)
  2 steam dragons
  A death yak simulacrum (IceCv)
  A harpy simulacrum (IceCv)
  2 water moccasins
  Pargi (Sewer)
  An orc warrior (D:9)
  A black bear (D:5)
  2 sky beasts
  3 wolves
  2 ice beasts
  3 centaurs
  3 kobold brigands
  2 bullfrogs
  3 scorpions
  A gnoll sergeant (D:9)
  4 cane toad simulacra (IceCv)
  2 two-headed ogre simulacra (IceCv)
  15 wights
  3 killer bees (D:10)
  An elephant simulacrum (IceCv)
  An electric eel (D:10)
  A howler monkey (D:4)
  3 jellies
  4 hounds
  3 orc priests
  A sleepcap (D:6)
  4 iguanas
  6 orc wizards
  2 troll simulacra (IceCv)
  2 polar bear simulacra (IceCv)
  A wolf simulacrum (IceCv)
  13 gnolls
  9 adders
  A naga simulacrum (IceCv)
  A river rat (D:4)
  A shadow imp (D:8)
  A white imp (D:6)
  2 ufetubi
  3 worms
  A dart slug (D:2)
  29 orcs
  13 bats
  3 endoplasms
  9 giant cockroaches
  9 hobgoblins
  11 kobolds
  5 quokkas
  14 ball pythons
  6 frilled lizards
  2 goblins
  6 rats
259 creatures vanquished.

Table legend:
 A = Non-vault XP
 B = Vault XP
 C = Vault XP percentage of total XP
 D = Non-vault monster count
 E = Vault monster count
 F = Vault count percentage of total count
                 A         B        C        D         E       F
            +---------+---------+-------+---------+---------+-------
      Total |   12440 |    6871 |  35.6 |     206 |      53 |  20.5
            +---------+---------+-------+---------+---------+-------
        D:1 |      69 |       8 |  10.4 |      27 |       4 |  12.9
        D:2 |      61 |       0 |   0.0 |      24 |       0 |   0.0
        D:3 |      59 |       0 |   0.0 |      10 |       0 |   0.0
        D:4 |     167 |     460 |  73.4 |      13 |       9 |  40.9
        D:5 |     507 |       0 |   0.0 |      16 |       0 |   0.0
        D:6 |     475 |     264 |  35.7 |      18 |       1 |   5.3
        D:7 |    2068 |       0 |   0.0 |      33 |       0 |   0.0
        D:8 |    2419 |       0 |   0.0 |      14 |       0 |   0.0
        D:9 |    2603 |     121 |   4.4 |      32 |       1 |   3.0
       D:10 |    3209 |     645 |  16.7 |      15 |       5 |  25.0
       D:11 |     803 |    1231 |  60.5 |       4 |       3 |  42.9
      Sewer |       0 |     155 | 100.0 |       0 |       6 | 100.0
      IceCv |       0 |    3987 | 100.0 |       0 |      24 | 100.0
            +---------+---------+-------+---------+---------+-------

Skill      XL: |  1  2  3  4  5  6  7  8  9 10 11 |
---------------+----------------------------------+-----
Stealth        | 1 2 3 5 6 7 8 |  8.0
Fighting       | 2 3 4 5 8 |  8.3
Unarmed Combat | 4 5 7 8 9 |  9.9
Short Blades   | 1 2 3 |  3.0
Transmutations | 3 4 6 7 8 |  8.2
Dodging        | 3 5 6 7 |  7.3
Spellcasting   | 3 4 |  4.4
Ice Magic      | 3 5 |  5.0
Poison Magic   | 3 |  3.0

Action                     |  1- 3 |  4- 6 |  7- 9 | 10-12 || total
---------------------------+-------+-------+-------+-------++-------
  Melee: Unarmed           |    78 |    61 |       |   244 ||   383
         Constrict         |    23 |    22 |    33 |     6 ||    84
         Kick              |    10 |     7 |     5 |     1 ||    23
         Tentacles         |    11 |    20 |    45 |    18 ||    94
         Punch             |     1 |     1 |     6 |     3 ||    11
         Short sword       |       |    44 |   183 |    73 ||   300
  Throw: Dart              |       |       |     3 |     2 ||     5
   Cast: Beastly Appendage |     6 |     4 |     4 |     1 ||    15
         Wereblood         |       |       |     1 |    16 ||    17
         Spider Form       |       |       |       |     6 ||     6
         Ice Form          |       |       |       |    28 ||    28
 Invoke: Potion Petition   |       |       |     1 |     3 ||     4
Ability: End Transformatio |       |       |       |     2 ||     2
  Evoke: Wand              |       |       |       |     7 ||     7
    Use: Scroll            |       |     5 |     6 |     2 ||    13
         Potion            |       |     1 |     1 |     3 ||     5
   Stab: Sleeping          |     3 |    15 |    29 |    11 ||    58
         Distracted        |       |       |       |     3 ||     3
         Invisible         |       |       |       |     1 ||     1
 Armour: Skin              |    10 |    44 |     8 |    36 ||    98
  Dodge: Dodged            |    44 |    40 |    74 |   189 ||   347
  Block: Other             |       |       |     6 |    71 ||    77
         Reflection        |       |       |       |     1 ||     1

Illustrated notes

Table legend:
 A = Kills in this place as a percentage of kills in the entire game.
 B = Kills by you in this place as a percentage of kills by you in the entire game.
 C = Kills by friends in this place as a percentage of kills by friends in the entire game.
 D = Other kills in this place as a percentage of other kills in the entire game.
 E = Experience gained in this place as a percentage of experience gained in the entire game.
 F = Experience gained in this place divided by the number of levels of this place that you have seen.
                   A       B       C       D       E      F
               +-------+-------+-------+-------+-------+----------------------
         Total | 100.0 | 100.0 |   N/A |   N/A | 100.0 | 1379.4
       Dungeon |  88.4 |  88.4 |   N/A |   N/A |  78.6 | 1379.0
         Sewer |   2.3 |   2.3 |   N/A |   N/A |   0.8 | 155.0
      Ice Cave |   9.3 |   9.3 |   N/A |   N/A |  20.6 | 3987.0
               +-------+-------+-------+-------+-------+----------------------

Table legend: (Time is in decaauts)
 A = Elapsed time spent in this place.
 B = Non-inter-level travel time spent in this place.
 C = Inter-level travel time spent in this place.
 D = Time resting spent in this place.
 E = Time spent auto-exploring this place.
 F = Levels seen in this place.
 G = Mean time per level.
                   A        B        C        D        E       F      G
               +--------+--------+--------+--------+--------+-----+--------+
         Total |  13679 |  12941 |    738 |   2219 |   7893 |  14 |  977.1 |
       Dungeon |  11681 |  11012 |    669 |   1399 |   7422 |  11 | 1061.9 |
        Temple |    277 |    208 |     69 |      0 |    205 |   1 |  277.0 |
         Sewer |    156 |    156 |      0 |     20 |      0 |   1 |  156.0 |
      Ice Cave |   1564 |   1564 |      0 |    800 |    266 |   1 | 1564.0 |
               +--------+--------+--------+--------+--------+-----+--------+

Top non-repeatable levels by time:
     D:7: 1794 daAuts
   IceCv: 1564 daAuts
     D:4: 1356 daAuts
     D:9: 1312 daAuts
     D:8: 1205 daAuts
     D:2: 1113 daAuts
     D:1: 1099 daAuts
    D:10: 985 daAuts
     D:6: 972 daAuts
     D:5: 904 daAuts
     D:3: 684 daAuts
  Temple: 277 daAuts
    D:11: 253 daAuts
   Sewer: 156 daAuts
